 Dungeon Crawl Stone Soup version 0.30.0-5-g1a98f26d00 (webtiles) character file.

Game seed: 2572177383771550392

280 NinjaNoafa the Conjurer (level 6, -7/45 HPs)
             Began as a Draconian Conjurer on May 9, 2023.
             Killed from afar by an orc wizard (10 damage)
             ... with a magic dart
             ... on level 5 of the Dungeon.
             The game lasted 00:07:36 (3447 turns).

NinjaNoafa the Conjurer (Draconian Conjurer)        Turns: 3447, Time: 00:07:37

Health: -7/45      AC:  6    Str: 10    XL:     6   Next: 5%
Magic:  11/11      EV: 12    Int: 20    God:
Gold:   174        SH:  0    Dex:  9    Spells: 5/12 levels left

rFire   . . .        d - +1 dagger (flame)
rCold   . . .        (no shield)
rNeg    . . .        (body armour unavailable)
rPois   .            (helmet restricted)
rElec   .            (no cloak)
rCorr   .            (no gloves)
SInv    +            (no boots)
Will    .....        (no amulet)
Stlth   +            g - ring of wizardry
HPRegen 0.27/turn    v - ring of see invisible
MPRegen 0.12/turn

%: wizardry (x1)
@: confused, brilliant, lethally poisoned (-7 -> -20)
A: AC +6, unfitting armour, cold-blooded
a: no special abilities


You were on level 5 of the Dungeon.
You visited 1 branch of the dungeon, and saw 5 of its levels.

You collected 174 gold pieces.

Inventory:

Hand Weapons
 d - a +1 dagger of flaming (weapon)
Missiles
 f - a throwing net
 o - 11 poisoned darts
Jewellery
 g - a ring of wizardry (left hand)
 v - a ring of see invisible (right hand)
 A - an amulet of guardian spirit
Wands
 y - a wand of mindburst (3)
Scrolls
 e - 2 scrolls of poison {unknown}
 j - 2 scrolls of blinking
 m - 2 scrolls of identify {unknown}
 p - a scroll of fog {unknown}
 q - 2 scrolls of teleportation {unknown}
 s - 2 scrolls of vulnerability {unknown}
 u - a scroll of magic mapping {unknown}
 w - 2 scrolls of enchant weapon {unknown}
 x - a scroll of amnesia {unknown}
 z - a scroll of torment {unknown}
Potions
 a - 2 potions of magic
 b - 3 potions of brilliance
 c - a potion of berserk rage {unknown}
 h - 3 potions of heal wounds {unknown}
 i - 3 potions of curing {unknown}
 k - a potion of resistance {unknown}
 l - 3 potions of haste {unknown}
 n - a potion of degeneration {unknown}
 r - 2 potions of flight {unknown}
 t - a potion of might {unknown}


   Skills:
 - Level 1.7 Dodging
 - Level 1.7 Stealth
 * Level 3.9 Spellcasting
 - Level 6.0 Conjurations
 + Level 0.9 Transmutations
 + Level 0.9 Earth Magic


You had 5 spell levels left.
You knew the following spells:

 Your Spells              Type           Power      Damage    Failure   Level
a - Magic Dart            Conj           100%       1d8       1%          1
b - Searing Ray           Conj           82%        2d7       1%          2
c - Scorch                Fire           10%        2d5       9%          2
d - Passwall              Tmut/Erth      9%         N/A       5%          2

Your spell library contained the following spells:

 Spells                   Type           Power      Damage    Failure   Level
 Dazzling Flash           Conj/Hex       46%        N/A       4%          3
 Hailstorm                Conj/Ice       23%        3d7       4%          3
 Ensorcelled Hibernation  Hex/Ice        10%        N/A       9%          2
 Portal Projectile        Hex/Tloc       10%        N/A       16%         3
 Swiftness                Air            5%         N/A       16%         3
 Tukima's Dance           Hex            5%         N/A       16%         3
 Volatile Blastmotes      Fire/Tloc      10%        2d10      16%         3
 Flame Wave               Conj/Fire      23%        2d8       16%         4
 Fulminant Prism          Conj/Hex       11%        3d8       16%         4
 Iskenderun's Mystic Bla  Conj/Tloc      23%        2d6       16%         4
 Ice Form                 Ice/Tmut       8%         N/A       38%         4
 Summon Lightning Spire   Summ/Air       5%         N/A       45%         4
 Blade Hands              Tmut           5%         N/A       65%         5
 Starburst                Conj/Fire      11%        6d5       90%         6
 Simulacrum               Ice/Necr       2%         N/A       100%        6
 Summon Cactus Giant      Summ           2%         N/A       100%        6
 Storm Form               Tmut/Air       4%         N/A       100%        7
 Maxwell's Capacitive Co  Air            2%         ∞         100%        8


Dungeon Overview and Level Annotations

Branches:
Dungeon (5/15) Zot: 26511
 Temple: D:4-7

Altars:
Elyvilon
Makhleb
Okawaru
Uskayaw
Wu Jian

Annotations:
D:3 1 runed translucent door, wolfgangpup's ghost, amateur TrFE


Innate Abilities, Weirdness & Mutations

Your plain brown scales are hard. (AC +6)
You cannot fit into any form of body armour.
You are cold-blooded and may be slowed by cold attacks.


Message History

You start resting.
Magic restored.
You start resting.
HP restored.
You climb downwards.
The orc priest invokes the aid of Beogh against you.
Pain shoots through your body! The scorpion misses you.
The orc wizard points at you and mumbles some strange words.
You are confused.
There is a stone staircase leading up here.
Unknown command.
The scorpion barely misses you.
The orc priest mumbles some strange prayers to Beogh against you.
Pain shoots through your body! The scorpion stings you.
You are poisoned.
The scorpion poisons you!
In your confused state, you trip and fall back down the stairs.
You feel very sick. The scorpion barely misses you.
The gnoll hits you with a +0 club. The orc wizard misses you.
You feel very sick. The scorpion barely misses you.
The gnoll hits you with a +0 club.
* * * LOW HITPOINT WARNING * * *
The orc priest looks braver for a moment.
In your confused state, you trip and fall back down the stairs.
* * * LOW HITPOINT WARNING * * *
You feel sick. The scorpion stings you.
* * * LOW HITPOINT WARNING * * *
You are lethally poisoned!
The scorpion poisons you! The gnoll barely misses you.
Unknown command.
It was a potion of brilliance.
You feel clever all of a sudden.
* * * LOW HITPOINT WARNING * * *
You feel very sick. The scorpion barely misses you.
The gnoll hits you with a +0 club.
* * * LOW HITPOINT WARNING * * *
The orc wizard casts a spell at you. The magic dart hits you!
You die...

##. #... ##..#
#....# #.....####
. #........##
###..
#......o..##.....
#..o.@s........
......##g..#....
#..#. #..#g# . .
.. #..#.# #..##
..........#
...... ##
#...#.#.##......
#######s........
##........[ #
##..g.....$..#


You could see a gnoll bouda, a scorpion, an orc priest, an orc wizard and a
gnoll.

Vanquished Creatures
  2 hounds (D:4)
  An iguana (D:4)
  An orc wizard (D:5)
  2 gnolls
  6 adders
  An ufetubus (D:5)
  3 dart slugs
  4 orcs
  9 bats
  6 endoplasms
  4 giant cockroaches
  9 hobgoblins
  8 jackals
  4 kobolds
  4 quokkas
  7 ball pythons
  6 frilled lizards
  4 goblins
  3 rats
84 creatures vanquished.

Notes
Turn   | Place    | Note
-------+----------+-------------------------------------------
     0 | D:1      | NinjaNoafa the Draconian Conjurer began the quest for the
                  | Orb.
     0 | D:1      | Reached XP level 1. HP: 14/14 MP: 3/3
   152 | D:1      | Reached XP level 2. HP: 16/20 MP: 1/5
   155 | D:1      | Learned a level 2 spell: Searing Ray
   740 | D:1      | Reached XP level 3. HP: 22/26 MP: 7/7
  1400 | D:2      | Reached XP level 4. HP: 15/33 MP: 5/8
  1856 | D:3      | Reached skill level 5 in Conjurations
  2037 | D:3      | Found an iron altar of Okawaru.
  2037 | D:3      | Found a burning altar of Makhleb.
  2037 | D:3      | Found an ornate altar of the Wu Jian Council.
  2077 | D:3      | Found a white marble altar of Elyvilon.
  2239 | D:3      | Found a runed translucent door.
  2239 | D:3      | Noticed an ogre
  2239 | D:3      | Noticed wolfgangpup's ghost (amateur TrFE)
  2370 | D:4      | Learned a level 2 spell: Scorch
  2373 | D:4      | Learned a level 2 spell: Passwall
  2451 | D:4      | Noticed a +0 dagger
  2451 | D:4      | Noticed a +0 hand axe
  2452 | D:4      | Found a hide-covered altar of Uskayaw.
  2582 | D:4      | Reached XP level 5. HP: 38/38 MP: 5/10
  3107 | D:5      | Entered Level 5 of the Dungeon
  3140 | D:5      | Reached skill level 6 in Conjurations
  3303 | D:5      | Reached XP level 6. HP: 30/45 MP: 3/11
  3447 | D:5      | Killed from afar by an orc wizard

Illustrated notes

Levels and vault maps discovered:
D:1:      dpeg_arrival_three_bigger_balls, layout_loops_ring,
          serial_bayou_lake_a
D:2:      layout_loops_ring, serial_forest, infiniplex_forest_clump_small,
          infiniplex_forest_straight_2, infiniplex_forest_straight_2,
          infiniplex_forest_lined_corner, infiniplex_forest_corner_1,
          infiniplex_forest_end_3, infiniplex_forest_clump_tiny,
          infiniplex_forest_straight_5
D:3:      layout_rooms, chequers_temple_overflow_statue_of_worship,
          elyvilon_altar_3, ebering_ghost_inner_flame
D:4:      layout_gridville, dancing_weapons_uskayaw
D:5:      layout_cave_pools, grunt_dithmenos_smoke_and_mirrors,
          lemuel_round_altar, chequers_serial_rivers_large_a

Skill      XL: |  1  2  3  4  5 |
---------------+----------------+-----
Spellcasting   | 3 |  3.9
Conjurations   | 5 6 |  6.0
Dodging        | |  1.7
Stealth        | |  1.7
Transmutations | |  0.9
Earth Magic    | |  0.9

Action                     |  1- 3 |  4- 6 || total
---------------------------+-------+-------++-------
  Melee: Unarmed           |     7 |       ||     7
         Tailslap          |    12 |    13 ||    25
         Dagger            |   106 |    86 ||   192
   Cast: Magic Dart        |    18 |     3 ||    21
         Searing Ray       |     4 |    17 ||    21
         Scorch            |       |     2 ||     2
    Use: Scroll            |       |     1 ||     1
         Potion            |       |     1 ||     1
   Stab: Sleeping          |     2 |       ||     2
 Armour: Skin              |    35 |    53 ||    88
  Dodge: Dodged            |    94 |    96 ||   190
